 Dungeon Crawl Stone Soup version 0.26-a0-752-gcff87cac9a (webtiles) character file.

Game seed: 3632848994584270078

10 oldriver the Firebug (level 2, -4/15 HPs)
             Began as a Gargoyle Fire Elementalist on Nov 7, 2020.
             Slain by a gnoll
             ... wielding a +0 whip
              (11 damage)
             ... on level 1 of the Dungeon.
             The game lasted 00:00:31 (281 turns).

oldriver the Firebug (Gargoyle Fire Elementalist)    Turns: 281, Time: 00:00:32

Health: -4/15      AC:  4    Str: 11    XL:     2   Next: 20%
Magic:  0/5        EV: 12    Int: 15    God:
Gold:   15         SH:  0    Dex: 10    Spells: 4/5 levels left

rFire    . . .     SeeInvis .   (no weapon)
rCold    . . .     Faith    .   (no shield)
rNeg     + . .     Spirit   .   a - +0 robe
rPois    ∞         Reflect  .   (no helmet)
rElec    +         Harm     .   (no cloak)
rCorr    .         Rampage  .   (no gloves)
MR       .....                  (no boots)
Stlth    ++........             (no amulet)
HPRegen  0.05/turn              (no ring)
MPRegen  0.09/turn              (no ring)

@: very slightly contaminated
A: negative energy resistance 1, electricity resistance, unbreathing,
petrification resistance, rot immunity, AC +2
a: no special abilities


You were on level 1 of the Dungeon.
You visited 1 branch of the dungeon, and saw 1 of its levels.

You collected 15 gold pieces.

Inventory:

Armour
 a - a +0 robe (worn)
Jewellery
 b - an uncursed amulet of reflection {unknown}
Scrolls
 c - a scroll of enchant armour {unknown}
 e - a scroll of blinking {unknown}
Potions
 d - a potion of attraction {unknown}
 f - a potion of invisibility {unknown}


   Skills:
 + Level 1.7 Dodging
 + Level 2.2 Stealth
 * Level 2.3 Spellcasting
 + Level 1.1 Conjurations
 + Level 3.2 Fire Magic


You had 4 spell levels left.
You knew the following spells:

 Your Spells              Type           Power        Failure   Level
a - Foxfire               Conj/Fire      #...         9%          1

Your spell library contained the following spells:

 Spells                   Type           Power        Failure   Level
 Conjure Flame            Conj/Fire      #.......     26%         3
 Inner Flame              Hex/Fire       #.......     32%         3
 Sticky Flame             Conj/Fire      #.......     65%         4
 Fireball                 Conj/Fire      #.........   94%         5


Dungeon Overview and Level Annotations

Branches:
Dungeon (1/15)

Altars:


Innate Abilities, Weirdness & Mutations

You are resistant to torment.
Your stone body is resilient. (AC +2)
You are immune to poison.
You resist negative energy. (rN+)
You are resistant to electric shocks. (rElec)
You can survive without breathing.
You are immune to petrification.
You are immune to rotting.


Message History

You conjure some foxfire!
The kobold hits you but does no damage. The gnoll hits you with a +0 whip.
The foxfire hits the kobold.
You kill the kobold!
The foxfire hits the gnoll but does no damage.
The gnoll is heavily wounded.
The gnoll misses you.
Casting: Foxfire (safe; 9% risk of failure)
Confirm with . or Enter, or press ? or * to list all spells.
You miscast Foxfire.
You are very lightly contaminated with residual magic.
Nothing appears to happen.
The gnoll hits you with a +0 whip.
You barely miss the gnoll.
The gnoll is heavily wounded.
The gnoll misses you.
You hit the gnoll.
The gnoll is severely wounded.
The gnoll hits you with a +0 whip!
Ouch! That really hurt!
You die...

.#......#.##†.#####......#
..#####.#..)..####....##.#
#.# #.#.............# .#
.# #....#####.....## #
###..# ###.....# #...
#.......# ##..# ##......#
##...###.......# ..
#..)......@....#
#.###..####..†g..(.#
#...... #.........#
##..#.. #.).#######
.......###...#
.............#
............##
##..#...#### #...#.##


You could see a gnoll.

Vanquished Creatures
  A giant cockroach (D:1)
  2 hobgoblins (D:1)
  A kobold (D:1)
  A bat (D:1)
  A frilled lizard (D:1)
  3 goblins (D:1)
9 creatures vanquished.

Vanquished Creatures (others)
  22 foxfires (D:1)
22 creatures vanquished.

Grand Total: 31 creatures vanquished

Notes
Turn   | Place    | Note
-------+----------+-------------------------------------------
     0 | D:1      | oldriver the Gargoyle Fire Elementalist began the quest for
                  | the Orb.
     0 | D:1      | Reached XP level 1. HP: 10/10 MP: 3/3
   164 | D:1      | Reached XP level 2. HP: 15/15 MP: 3/5
   281 | D:1      | Slain by a gnoll

Illustrated notes

Levels and vault maps discovered:
D:1:      evilmike_arrival_fibonacci_small, layout_basic,
          hangedman_decor_growths, minmay_misc_feat_plants

Action                   || total
-------------------------++-------
Melee: Unarmed           ||     2
 Cast: Foxfire           ||    15
Armor: Robe              ||     4
Dodge: Dodged            ||     6

Table legend: (Time is in decaauts)
 A = Elapsed time spent in this place.
 B = Non-inter-level travel time spent in this place.
 C = Inter-level travel time spent in this place.
 D = Time resting spent in this place.
 E = Time spent auto-exploring this place.
 F = Levels seen in this place.
 G = Mean time per level.
                   A        B        C        D        E       F      G
               +--------+--------+--------+--------+--------+-----+--------+
         Total |    281 |    281 |      0 |      0 |    197 |   1 |  281.0 |
       Dungeon |    281 |    281 |      0 |      0 |    197 |   1 |  281.0 |
               +--------+--------+--------+--------+--------+-----+--------+

Top non-repeatable levels by time:
     D:1: 281 daAuts
